 Dungeon Crawl Stone Soup version 0.29.1-4-g47bece8355 (webtiles) character file.

Game seed: 17079939269060102139

487 zeram the Cudgeller (level 6, -1/61 HPs)
             Began as a Troll Fighter on Dec 9, 2022.
             Slain by an orc priest
             ... wielding a +0 hand axe
              (5 damage)
             ... on level 5 of the Dungeon.
             The game lasted 00:04:59 (3497 turns).

zeram the Cudgeller (Troll Fighter)                 Turns: 3497, Time: 00:05:00

Health: -1/61      AC:  7    Str: 25    XL:     6   Next: 89%
Magic:  5/5        EV:  9    Int:  6    God:
Gold:   258        SH:  0    Dex:  9    Spells: 5/5 levels left

rFire   . . .      SeeInvis .   a - +0 flail
rCold   . . .      Faith    .   c - +0 kite shield
rNeg    . . .      Spirit   .   b - +0 robe
rPois   .          Reflect  +   (helmet restricted)
rElec   .          Harm     .   n - +2 cloak
rCorr   .          Rampage  .   (gloves unavailable)
Will    .....                   (boots unavailable)
Stlth   +.........              f - amulet of reflection
HPRegen 1.00/turn               (no ring)
MPRegen 0.09/turn               (no ring)

@: confused
A: large, unfitting armour, claws 3, regeneration 1, shaggy fur 1, tough skin 1
a: no special abilities


You were on level 5 of the Dungeon.
You visited 1 branch of the dungeon, and saw 5 of its levels.

You collected 258 gold pieces.

Inventory:

Hand Weapons
 a - a +0 flail (weapon)
Armour
 b - a +0 robe (worn)
 c - a +0 kite shield (worn)
 n - a +2 cloak (worn)
Jewellery
 f - an amulet of reflection (around neck)
 i - an amulet of guardian spirit
Wands
 e - a wand of flame (24)
Scrolls
 d - a scroll of magic mapping {unknown}
 h - 2 scrolls of teleportation
 o - 2 scrolls of blinking
Potions
 g - a potion of lignification {unknown}
 k - a potion of resistance {unknown}
 m - 2 potions of curing {unknown}
 q - a potion of heal wounds {unknown}


   Skills:
 + Level 3.6 Fighting
 + Level 4.7 Maces & Flails
 + Level 4.2 Dodging
 - Level 2.7 Shields


You had 5 spell levels left.
You didn't know any spells.
Your spell library was empty.

Dungeon Overview and Level Annotations

Branches:
Dungeon (5/15)
 Temple: D:4-7

Altars:


Innate Abilities, Weirdness & Mutations

You are too large for most types of armour.
You have claws for hands.
Your natural rate of healing is unusually fast.
You are covered in fur. (AC +1)
You have tough skin. (AC +1)


Message History

Something hits you but does no damage.
The orc wizard hits you but does no damage.
The orc priest hits you but does no damage.
You feel less confused.
The orc priest mumbles some strange prayers to Beogh against you.
Beogh smites you!
The orc wizard gestures at you while chanting.
You resist with some effort.
You barely miss something. The orc wizard casts a spell at you.
The magic dart hits you.
You hear some strange, mumbled words.
A magic dart appears from out of thin air!
The magic dart hits you but does no damage.
Something hits you but does no damage.
The orc wizard gestures at you while chanting.
You resist with some effort.
You hit the orc wizard.
The orc wizard is moderately wounded.
The orc priest mumbles some strange prayers to Beogh against you.
Beogh smites you! The orc wizard casts a spell at you.
You are confused.
You bump into the rock wall.
The orc priest invokes the aid of Beogh against you.
Pain shoots through your body!
* * * LOW HITPOINT WARNING * * *
The orc wizard points at you and mumbles some strange words.
The puff of flame hits you!
* * * LOW HITPOINT WARNING * * *
Something hits you.
* * * LOW HITPOINT WARNING * * *
You're too confused to move!
The orc wizard hits you with a +0 dagger.
* * * LOW HITPOINT WARNING * * *
Something hits you but does no damage.
You closely miss the orc priest.
The orc priest is almost dead.
The orc priest hits you with a +0 hand axe.
You die...

#...##.# #.....
.....##.# #.####
.##...##.#######.# #.#
######.......#.####
....#######..####.#.....
#............# ######
..#.#.###.####.#.#
........o.# #.#.#
........o@# #.. .
####...##{# ###.## ##.#
#.# .# #. ... # .. ....
## ...... ......#
.......#


You could see an orc priest and an orc wizard.

Vanquished Creatures
  A black bear (D:5)
  A phantom (D:4)
  A scorpion (D:5)
  An orc priest (D:3)
  An iguana (D:5)
  3 orc wizards
  5 adders
  2 dart slugs
  3 worms
  8 orcs
  2 endoplasms
  3 giant cockroaches
  8 goblins
  11 hobgoblins
  3 jackals (D:3)
  5 kobolds
  2 quokkas (D:2)
  9 ball pythons
  9 bats
  A frilled lizard (D:2)
  5 rats
84 creatures vanquished.

Notes
Turn   | Place    | Note
-------+----------+-------------------------------------------
     0 | D:1      | zeram the Troll Fighter began the quest for the Orb.
     0 | D:1      | Reached XP level 1. HP: 22/22 MP: 0/0
   315 | D:1      | Reached XP level 2. HP: 29/29 MP: 1/1
   751 | D:2      | Reached XP level 3. HP: 36/36 MP: 2/2
  1562 | D:3      | Reached XP level 4. HP: 44/44 MP: 3/3
  1645 | D:3      | Reached XP level 5. HP: 48/53 MP: 4/4
  2571 | D:4      | Noticed a phantom
  2589 | D:4      | Killed a phantom
  3095 | D:5      | Entered Level 5 of the Dungeon
  3095 | D:5      | Noticed a black bear
  3102 | D:5      | Killed a black bear
  3103 | D:5      | Reached XP level 6. HP: 48/61 MP: 5/5
  3496 | D:5      | HP: 3/61 [orc wizard/+0 dagger (2)]
  3497 | D:5      | Slain by an orc priest

Illustrated notes

Levels and vault maps discovered:
D:1:      minmay_arrival_shattered_statue, layout_loops_cross,
          kennysheep_nondescript
D:2:      layout_basic
D:3:      layout_basic, grunt_decor_fettered
D:4:      layout_gridville
D:5:      layout_loops_cross

Skill      XL: |  1  2  3  4  5  6 |
---------------+-------------------+-----
Maces & Flails | 2 3 4 |  4.7
Dodging        | 3 4 |  4.2
Fighting       | 3 |  3.6
Shields        | |  2.7

Action                   |  1- 3 |  4- 6 || total
-------------------------+-------+-------++-------
Melee: Flail             |   139 |   194 ||   333
  Use: Scroll            |     3 |     4 ||     7
       Potion            |       |     3 ||     3
 Stab: Sleeping          |       |     1 ||     1
Armor: Robe              |    62 |    81 ||   143
Dodge: Dodged            |    64 |    70 ||   134
Block: Kite shield       |   120 |   138 ||   258
       Reflection        |       |     2 ||     2
